Map: Croisement de Kairos EC

Players

Sorandom - Winner!

  • Race: Zerg Zerg
  • League: Diamond
  • Spawn Location: 11:00

Gameking

  • Race: Zerg Zerg
  • League: Diamond
  • Spawn Location: 5:00

VOD

Have the link to the VOD?

Description

Time

  • Played on: April 12, 2019, 8:49 p.m.
  • Length: 4:27
Show
View Real Time Build Order
Export as new Build Order

Sorandom Zerg - Winner!

Build Orders: Pool First 

Get SALT Encoding   

  12  0:01  Drone  
  13  0:12  Overlord  
  13  0:22  Drone  
  14  0:31  Drone x2  
  14  0:34  Drone  
  17  0:48  Spawning Pool  
  17  0:49  Drone  
  17  1:04  Extractor, Drone  
  17  1:17  Hatchery  
  16  1:20  Drone  
  16  1:24  Drone  
  18  1:29  Overlord  
  18  1:39  Queen  
  18  1:43  Zergling x2  
  21  1:56  Roach Warren  
  20  2:03  Drone x2  
  22  2:11  Drone  
  23  2:16  Queen  
  25  2:41  Roach x4  
  33  2:47  Lair  
  33  2:55  Overlord  
  33  3:03  Roach  
  35  3:06  Overlord  
  35  3:14  Roach x2  
  39  3:21  Roach  
  39  3:23  Overlord  
  41  3:28  Roach  
  43  3:37  Roach  
  45  3:41  Extractor  
  44  3:51  Roach  
  44  3:53  Drone x4  
  50  4:00  Roach  
  52  4:06  Drone  
  52  4:07  Roach  
Show
View Real Time Build Order
Export as new Build Order

Gameking Zerg 

Build Orders: Hatch First 

Get SALT Encoding   

  12  0:00  Drone  
  13  0:09  Drone  
  14  0:16  Overlord  
  14  0:27  Extractor  
  14  0:28  Drone  
  14  0:35  Drone x2  
  17  0:55  Drone  
  17  0:57  Hatchery  
  17  0:58  Drone  
  18  1:09  Extractor  
  17  1:13  Spawning Pool  
  17  1:17  Drone  
  17  1:20  Drone  
  18  1:26  Drone  
  19  1:37  Drone  
  20  1:48  Overlord  
  20  2:02  Queen  
  22  2:08  Queen  
  22  2:09  Metabolic Boost  
  22  2:11  Zergling x2  
  22  2:12  Zergling x2  
  26  2:15  Drone  
  27  2:36  Drone x4  
  31  2:47  Queen  
  31  2:49  Drone x2  
  35  3:02  Overlord x2  
  35  3:13  Drone  
  36  3:22  Drone x7  
  36  3:23  Drone  
  44  3:39  Extractor x2, Drone x2  
  44  3:40  Drone  
  45  3:57  Drone x2  
  45  4:00  Evolution Chamber, Overlord x3  
  45  4:01  Roach Warren  
  45  4:03  Drone x4  
Tags
 
Add a new tag
Caveats
  • Supply blocks, unpowered buildings, or Contaminate may cause inaccurate times.
  • Supply counts are checked every 10 seconds.